← All builds
Tech / Armada / Economy first / OBSERVED BUILD

Fast fusion

Armada Tech (Eco) build order · Supreme Isthmus

Follows the standard T2 opening but pushes a Fusion Reactor out by about 8:46, well ahead of the normal 12:00 timing, to power a bigger team push later.

Usually first T2 con to Geo (84%)

#eco #t2 · 86 distinct matches · 30 players · 5% of Armada Tech games · team won 58% of 89 · Recently observed

THE CATCH, AND WHAT COMES WITH IT
  • Fusion ReactorFusion Reactor from 8:43 · 14% of role by thenOnly 14% of Tech games have it by then; others who build it get it around 11:05

Then transitions into anti-nuke (27% of army), Armageddon (9% of army).

HOW TO PLAY IT

Key timing: Fusion Reactor by 8:46

  1. Open standard Bot Lab into Advanced Bot Lab like typical Tech play.
  2. Finish advanced bot lab and advanced metal extractor on normal schedule.
  3. Push out Fusion Reactor far earlier than the usual 12:02 norm.
  4. Roll into standard Citadel and Armageddon play once fusion is up.

Phase by phase

TYPICAL OF ITS 86 GAMES · AGAINST STANDARD TECH
  1. 1
  2. 2
  3. 3
  4. 4
  5. 5
PLAY THE OPENING

Follow the example game's first 9:43 step by step: what to build now, what comes next, and where it goes. At 1× it keeps pace with your own game.

  1. 1

    Up to the Bot Lab

    Economy
    • Metal Extractor3Mex
    • Wind Turbine3Wind
    Order
    1. Bot LabBot Lab after 3 mex, 3 winddone ~1:12, middle half 1:08–1:17

    By 0:56 in all: 3 mex · 3 wind

    The example game in this phase · 3 steps
    1. Mex ×3
    2. Wind ×4
    3. Bot LabBot Labdone 1:16 · typical 1:12
  2. 2

    Bot Lab to Advanced Bot Lab

    Economy
    • Metal Extractor1Mex
    • Wind Turbine9Wind
    • Energy Storage1Energy storage
    Order
    1. Advanced Bot LabAdvanced Bot Lab after 4 mex, 11 wind, 3 con turretdone ~4:10, middle half 4:00–4:21
    Builders
    • Construction Turret3 Con turret
    • Lazarus4 Lazarus
    • Construction Bot1 Con bot
    • Construction Bot1 Con bot for allies

    Some games also: converter (44%)

    By 3:09 in all: 4 mex · 11 wind · 1 energy storage · 3 con turret

    The example game in this phase · 15 steps
    1. Wind
    2. LazarusLazarusfor Air
    3. Wind
    4. LazarusLazarus
    5. LazarusLazarusfor Air
    6. Construction BotCon bot ×2
    7. Energy storage
    8. Construction BotCon botfor Air
    9. LazarusLazarusfor Air
    10. Mex
    11. LazarusLazarusfor Air
    12. Con turret
    13. Bot LabEat Bot Labreclaimed for its metal
    14. Con turret
    15. Advanced Bot LabAdvanced Bot Labdone 4:01 · typical 4:10
  3. 3

    Advanced Bot Lab to 5:00

    Economy
    • Wind Turbine4Wind
    Order
    1. Bot LabEat Bot Lab
    Builders
    • Advanced Construction Bot1 T2 con bot for allies

    Some games also: converter (48%)

    By 5:00 in all: 4 mex · 17 wind · 3 converter · 1 energy storage · 3 con turret

    The example game in this phase · 2 steps
    1. Advanced Construction BotT2 con botfor Air
    2. Advanced Metal ExtractorT2 mex ×3done 5:12 · typical 5:14
  4. 4

    5:00 to Fusion Reactor

    Economy
    • Wind Turbine27Wind+8 vs standard
    • Energy Converter4Converter+4 vs standard
    Order
    1. Fusion ReactorFusion Reactor after 4 mex, 43 wind, 8 converterdone ~10:04, middle half 9:36–10:25
    Builders
    • Butler8 Butler +4 vs standard
    • Advanced Construction Bot3 T2 con bot for allies
    • Advanced Construction Bot1 T2 con bot

    Some games also: con turret (48%)

    By 8:43 in all: 4 mex · 43 wind · 8 converter (standard 4) · 1 energy storage · 3 con turret

    The example game in this phase · 31 steps
    1. Wind
    2. Advanced Construction BotT2 con botfor Air
    3. Wind
    4. Advanced Construction BotT2 con botfor Pond
    5. Wind ×2
    6. Advanced Construction BotT2 con botfor Beach sea
    7. Wind ×2
    8. SprinterSprinter
    9. Wind
    10. ButlerButler
    11. Advanced Construction BotT2 con bot
    12. Wind ×2
    13. ButlerButlerfor Air
    14. Wind
    15. ButlerButlerfor Air
    16. Wind
    17. ButlerButlerfor Air
    18. Wind
    19. Con turret
    20. ButlerButlerfor Air
    21. Wind
    22. Con turretfor Air
    23. Wind
    24. Advanced Metal ExtractorT2 mexfor Air
    25. Wind ×10
    26. Converter ×2
    27. Metal storage
    28. Converter ×2
    29. Con turret
    30. Converter ×2
    31. Fusion ReactorFusiondone 10:19 · typical 10:04
  5. 5

    Fusion Reactor to 15:00

    Economy
    • Wind Turbine88Wind−54 vs standard
    • Energy Converter51Converter
    Order
    1. Advanced Bot LabEat Advanced Bot Lab
    2. Fusion ReactorFusion after 83 wind, 19 converter, 7 con turretin 67% of games
    3. CitadelAnti-nuke after 95 wind, 31 converter, 8 con turretin 53% of games
    Builders
    • Construction Turret10 Con turret

    Some games also: Aircraft Plant (44%) · Advanced Fusion Reactor (36%) · Tracer (36%) · metal storage (33%)

    The standard build makes here, this one skips: 5 Butler

    By 15:00 in all: 4 mex · 142 wind · 2 fusion · 60 converter (standard 45) · 1 energy storage · 1 metal storage

    The example game in this phase · 23 steps
    1. Converter
    2. Wind
    3. Converter
    4. Wind
    5. Advanced Bot LabEat Advanced Bot Labreclaimed for its metal
    6. Con turret
    7. Wind
    8. Con turret
    9. Wind
    10. Bot LabBot Labdone 10:23
    11. PawnPawnfor Air
    12. Wind
    13. PawnPawn ×2for Air
    14. Wind ×2
    15. PawnPawn ×8for Air
    16. Wind
    17. PawnPawn ×4for Air
    18. PawnPawn
    19. Bot LabEat Bot Labreclaimed for its metal
    20. Fusion ReactorFusion
    21. Wind ×2
    22. Fusion ReactorFusion
    23. Converter ×7for Air

Counts are medians over the build's games: half of them build more, half fewer. The example game is WashedGamuer's (42 OS, 07/10/2026); pick another.

Team trades

IN AT LEAST 30% OF ITS GAMES

You hand over

  • Construction Bot1 Con bot to Airfirst at 2:20 · in 88% of games
  • Advanced Construction Bot5 T2 con bot to Pond or Air or Beach seafirst at 4:40 · in 100% of games

You get

  • Hercules1 Light transport from Airfirst at 3:46 · in 85% of games

How it plays out

Typical game of this build against the role’s standard build, running totals by minute

  • This build
  • Standard tech

Metal produced

020k40k
0:005:0010:0015:00

metal

Enemy metal destroyed

0100200300
0:005:0010:0015:00

metal

Own metal lost

0100200300
0:005:0010:0015:00

metal

89 games.

Show as table
ByMetal produced: This buildMetal produced: Standard techEnemy metal destroyed: This buildEnemy metal destroyed: Standard techOwn metal lost: This buildOwn metal lost: Standard tech
1:003843830000
2:009189160000
3:00175316450000
4:00334931620000
5:00492348630000
6:00608558050000
7:00783072400000
8:00997791110000
9:0012648112500000
10:0017125135930000
11:0020580164500000
12:0024466199910000
13:0027912237590000
14:003209827606073081
15:003712231694512930204
WHAT THE NUMBERS SAY

Team won more often than the standard build, with clearly higher metal production and fewer own losses by 15:00.

  • + Team won 62% of games versus 53% for the standard build.
  • + Metal produced by 15:00 was much higher than standard (36964 vs 31665).
  • − Enemy metal destroyed by 15:00 was far lower than standard (51 vs 310).
  • − Only 14% of role games reach fusion this early, so timing is hard to hit.
THE EXAMPLE YOU ARE READING

WashedGamuer

42.1 OS · 07/10/2026

Open source match ↗

1 received units
1366 metal received · 26082 energy received

Allied construction assistance is unknown. Timings are observations, not a promise of solo reproducibility.

Typical milestones

Bot Lab1:12Middle 50%: 1:08–1:17 · n=89
Advanced Bot Lab4:10Middle 50%: 4:00–4:21 · n=89
Advanced Metal Extractor5:14Middle 50%: 4:57–5:35 · n=89
Fusion Reactor10:04Middle 50%: 9:36–10:25 · n=84

Played most by

Teaner24games of this buildSyphos8games of this buildKOT_7games of this buildWashedGamuer7games of this buildImmort5games of this build